 Dungeon Crawl Stone Soup version 0.23.0-3-gf3c87f2 (webtiles) character file.

Game seed: 7073774145550010975

512 zishaf the Magician (level 7, -3/50 HPs)
             Began as a Gnoll Wizard on Feb 20, 2019.
             Slain by Eustachio
             ... wielding a +0 falchion
              (7 damage)
             ... on level 3 of the Dungeon.
             The game lasted 00:08:37 (5621 turns).

zishaf the Magician (Gnoll Wizard)                  Turns: 5621, Time: 00:08:37

Health: -3/50      AC:  4    Str: 10    XL:     7   Next: 19%
Magic:  17/18      EV: 14    Int: 22    God:
Gold:   190        SH:  0    Dex: 13    Spells: 9/21 levels left

rFire    . . .     SeeInvis .   a - +2 flail (venom)
rCold    . . .     Gourm    .   (no shield)
rNeg     . . .     Faith    .   v - +0 leather armour {rPois}
rPois    +         Spirit   .   C - +1 hat
rElec    .         Reflect  .   (no cloak)
rCorr    .         Harm     .   (no gloves)
MR       .....                  (no boots)
Stlth    +++.......             (no amulet)
HPRegen  0.16/turn              (no ring)
MPRegen  0.16/turn              (no ring)

@: confusing touch
A: distributed training, fangs 1, strong nose
a: no special abilities


You were on level 3 of the Dungeon.
You were not hungry.

You visited 1 branch of the dungeon, and saw 4 of its levels.

You collected 190 gold pieces.

Inventory:

Hand Weapons
 a - a +2 flail of venom (weapon)
 b - a +0 halberd
Missiles
 q - 67 stones (quivered)
 w - 45 poisoned needles
Armour
 e - a +3 scale mail
 v - a +0 leather armour of poison resistance (worn)
 C - a +1 hat (worn)
Wands
 k - a wand of scattershot (7)
 B - a wand of disintegration (11)
Scrolls
 h - a scroll of amnesia
 j - 2 scrolls of immolation
 l - 2 scrolls of remove curse
 x - a scroll of teleportation {unknown}
 D - a scroll of enchant armour {unknown}
Potions
 c - a potion of agility {unknown}
 g - 2 potions of brilliance {unknown}
 i - a potion of haste
 m - a potion of lignification {unknown}
 n - 3 potions of ambrosia
 o - a potion of mutation {unknown}
 p - 3 potions of curing {unknown}
 z - a potion of berserk rage {unknown}
Comestibles
 d - 10 rations
 f - 2 chunks of flesh


   Skills:
 + Level 2.3 Fighting
 + Level 2.3 Short Blades
 + Level 2.3 Long Blades
 + Level 2.3 Axes
 + Level 2.3 Maces & Flails
 + Level 2.3 Polearms
 + Level 2.3 Staves
 + Level 2.3 Slings
 + Level 2.3 Bows
 + Level 2.3 Crossbows
 + Level 2.3 Throwing
 + Level 2.3 Armour
 + Level 5.1 Dodging
 + Level 4.8 Stealth
 + Level 2.3 Shields
 + Level 2.3 Unarmed Combat
 + Level 7.5 Spellcasting
 + Level 2.8 Conjurations
 + Level 1.8 Hexes
 + Level 1.8 Charms
 + Level 2.8 Summonings
 + Level 1.8 Necromancy
 + Level 2.8 Translocations
 + Level 1.8 Transmutations
 + Level 1.8 Fire Magic
 + Level 1.8 Ice Magic
 + Level 1.8 Air Magic
 + Level 1.8 Earth Magic
 + Level 1.8 Poison Magic
 + Level 2.5 Invocations
 + Level 2.3 Evocations


You had 9 spell levels left.
You knew the following spells:

 Your Spells              Type           Power        Failure   Level  Hunger
a - Magic Dart            Conj           ###.         3%          1    None
b - Call Imp              Summ           ###.....     4%          2    None
c - Conjure Flame         Conj/Fire      ###.....     12%         3    None
d - Blink                 Tloc           N/A          4%          2    None
e - Confusing Touch       Hex            ###...       4%          1    None
z - Mephitic Cloud        Conj/Pois/Air  ###.....     12%         3    None

Your spell library contained the following spells:

 Spells                   Type           Power        Failure   Level  Hunger
 Apportation              Tloc           ###...       3%          1    None
 Summon Small Mammal      Summ           ###.         3%          1    None
 Animate Skeleton         Necr           N/A          4%          1    None
 Slow                     Hex            ###.....     7%          2    None


Dungeon Overview and Level Annotations

Branches:
Dungeon (4/15)
 Temple: D:4-7

Altars:

Annotations:
D:3 Eustachio


Innate Abilities, Weirdness & Mutations

Your experience applies equally to all skills.
You have very sharp teeth.
Your uncanny sense of smell can sniff out nearby items.


Message History

Eustachio casts a spell.
Eustachio blinks!
Eustachio closely misses you. Eustachio misses you.
Eustachio barely misses you.
The crimson imp blinks!
The crimson imp shouts, "Take thy face hence, thou dankish doghearted hugger-mugger!"
There is a stone staircase leading up here.
Eustachio hits you with a +0 falchion.
* * * LOW HITPOINT WARNING * * *
You climb upwards.
The rat disappears in a puff of smoke!
The ufetubus disappears in a puff of smoke!
The crimson imp disappears in a puff of smoke!
There is a stone staircase leading down here.
Casting: Mephitic Cloud (safe; 12% risk of failure)
Confirm with . or Enter, or press ? or * to list all spells.
Your hands begin to glow red.
Eustachio hits you with a +0 falchion.
* * * LOW HITPOINT WARNING * * *
You hit Eustachio but do no damage. Eustachio hits you with a +0 falchion!
You die...

.......###.#
#.+......# .......#
#.# ###......#
.......###.#######
#......#
.รท..(............#
#.######
......####.#####.#
#.# ......# #.# #>#
#.# ......# #.#
#.####.# ......#
#.# #@.....#
####+## #.#
#@###### #.# #.#
#.# #.# #.# ### #.#
#.# #.# #.#
#.#####.##
#........#
##########


You could see Eustachio.

Vanquished Creatures
  Edmund (D:3)
  A hound (D:4)
  2 orc priests (D:4)
  Natasha (thrice) (D:2)
  A killer bee zombie (D:4)
  6 adders
  5 gnolls
  A howler monkey skeleton (D:4)
  A shadow imp (D:3)
  2 oozes
  3 worms (D:2)
  A dart slug (D:3)
  2 leopard geckos
  8 orcs
  4 bats
  8 giant cockroaches
  4 goblins
  5 hobgoblins
  2 jackals (D:3)
  2 quokkas (D:2)
  2 ball pythons
  7 frilled lizards
  5 kobolds
  A quokka skeleton (D:4)
  5 rats
82 creatures vanquished.

Vanquished Creatures (collateral kills)
  2 gnolls
  A bat (D:1)
  2 hobgoblins
  A rat (D:1)
6 creatures vanquished.

Grand Total: 88 creatures vanquished

Notes
Turn   | Place    | Note
-------+----------+-------------------------------------------
     0 | D:1      | zishaf the Gnoll Wizard began the quest for the Orb.
     0 | D:1      | Reached XP level 1. HP: 13/13 MP: 8/8
   170 | D:1      | Reached XP level 2. HP: 19/19 MP: 1/10
   243 | D:1      | Learned a level 2 spell: Call Imp
   246 | D:1      | Learned a level 2 spell: Blink
   987 | D:1      | Reached XP level 3. HP: 22/25 MP: 11/11
  1519 | D:2      | Learned a level 3 spell: Conjure Flame
  1523 | D:2      | Learned a level 3 spell: Mephitic Cloud
  1674 | D:2      | Reached skill level 1 in Invocations
  1727 | D:2      | Noticed Natasha
  1737 | D:2      | Killed Natasha
  1737 | D:2      | Reached skill level 1 in Fighting
  1737 | D:2      | Reached skill level 1 in Short Blades
  1737 | D:2      | Reached skill level 1 in Long Blades
  1737 | D:2      | Reached skill level 1 in Axes
  1737 | D:2      | Reached skill level 1 in Maces & Flails
  1737 | D:2      | Reached skill level 1 in Polearms
  1737 | D:2      | Reached skill level 1 in Staves
  1737 | D:2      | Reached skill level 1 in Slings
  1737 | D:2      | Reached skill level 1 in Bows
  1737 | D:2      | Reached skill level 1 in Crossbows
  1737 | D:2      | Reached skill level 1 in Throwing
  1737 | D:2      | Reached skill level 1 in Armour
  1737 | D:2      | Reached skill level 1 in Shields
  1737 | D:2      | Reached skill level 1 in Unarmed Combat
  1737 | D:2      | Reached skill level 1 in Evocations
  1737 | D:2      | Reached XP level 4. HP: 26/32 MP: 13/13
  1840 | D:2      | Noticed Natasha
  1894 | D:2      | Killed Natasha
  2086 | D:2      | Reached skill level 1 in Hexes
  2086 | D:2      | Reached skill level 1 in Charms
  2086 | D:2      | Reached skill level 1 in Necromancy
  2086 | D:2      | Reached skill level 1 in Transmutations
  2086 | D:2      | Reached skill level 1 in Fire Magic
  2086 | D:2      | Reached skill level 1 in Ice Magic
  2086 | D:2      | Reached skill level 1 in Air Magic
  2086 | D:2      | Reached skill level 1 in Earth Magic
  2086 | D:2      | Reached skill level 1 in Poison Magic
  2250 | D:2      | Noticed Natasha
  2258 | D:2      | Killed Natasha
  2258 | D:2      | Reached XP level 5. HP: 17/37 MP: 14/14
  3075 | D:2      | Learned a level 1 spell: Confusing Touch
  3580 | D:3      | Reached XP level 6. HP: 28/44 MP: 16/16
  4935 | D:4      | Noticed Edmund
  4946 | D:4      | Reached skill level 5 in Dodging
  5126 | D:3      | Killed Edmund
  5421 | D:4      | Reached XP level 7. HP: 50/50 MP: 13/18
  5585 | D:4      | Noticed Eustachio
  5621 | D:3      | Slain by Eustachio

Skill      XL: |  1  2  3  4  5  6 |
---------------+-------------------+-----
Conjurations   | 2 |  2.8
Summonings     | 2 |  2.8
Translocations | 2 |  2.8
Invocations    | 1 2 |  2.5
Fighting       | 1 2 |  2.3
Short Blades   | 1 2 |  2.3
Long Blades    | 1 2 |  2.3
Axes           | 1 2 |  2.3
Maces & Flails | 1 2 |  2.3
Polearms       | 1 2 |  2.3
Staves         | 1 2 |  2.3
Slings         | 1 2 |  2.3
Bows           | 1 2 |  2.3
Crossbows      | 1 2 |  2.3
Throwing       | 1 2 |  2.3
Armour         | 1 2 |  2.3
Shields        | 1 2 |  2.3
Unarmed Combat | 1 2 |  2.3
Evocations     | 1 2 |  2.3
Hexes          | 1 |  1.8
Charms         | 1 |  1.8
Necromancy     | 1 |  1.8
Transmutations | 1 |  1.8
Fire Magic     | 1 |  1.8
Ice Magic      | 1 |  1.8
Air Magic      | 1 |  1.8
Earth Magic    | 1 |  1.8
Poison Magic   | 1 |  1.8
Dodging        | 5 |  5.1
Stealth        | |  4.8
Spellcasting   | |  7.5

Action                   |  1- 3 |  4- 6 |  7- 9 || total
-------------------------+-------+-------+-------++-------
Melee: Halberd           |    46 |       |       ||    46
       Bite              |     2 |     9 |     3 ||    14
       Falchion          |    16 |    14 |       ||    30
       Short sword       |       |   109 |       ||   109
       Flail             |       |     2 |    23 ||    25
 Cast: Magic Dart        |    29 |    38 |       ||    67
       Call Imp          |     3 |     8 |       ||    11
       Mephitic Cloud    |       |     2 |       ||     2
       Confusing Touch   |       |     1 |     1 ||     2
       Conjure Flame     |       |     1 |       ||     1
  Use: Scroll            |       |     6 |       ||     6
 Stab: Sleeping          |     3 |     5 |       ||     8
       Distracted        |       |     2 |       ||     2
  Eat: Chunk             |     3 |    11 |     1 ||    15
Armor: Robe              |     4 |       |       ||     4
       Leather armour    |     6 |     6 |     5 ||    17
Dodge: Dodged            |    40 |    97 |    28 ||   165
       Rpst.: Falchion   |     4 |     2 |       ||     6
